 Dungeon Crawl Stone Soup version 0.28-a0-1594-ga885d4b3d6 (webtiles) character file.

Game seed: 15288848157554376617

8532 kae the Grappler (level 11, -2/88 (109) HPs)
             Began as a Grey Draconian Transmuter on Jan 20, 2022.
             Was a Believer of Ru.
             Slain by a spectral orc knight (4 damage)
             ... summoned by Nergalle
             ... on level 10 of the Dungeon.
             The game lasted 00:07:50 (15257 turns).

kae the Grappler (Grey Draconian Transmuter)       Turns: 15257, Time: 00:07:50

HP:   -2/88 (109)   AC:  8    Str: 14    XL:     11   Next: 11%
MP:   19/20         EV: 15    Int: 17    God:    Ru [**....]
Gold: 446           SH:  0    Dex: 11    Spells: 14/22 levels left

rFire   x . .      SeeInvis .     - Unarmed
rCold   + + +      Faith    .   (shield currently unavailable)
rNeg    . . .      Spirit   .   (armour unavailable)
rPois   +          Reflect  .   (helmet currently unavailable)
rElec   .          Harm     .   (cloak currently unavailable)
rCorr   .          Rampage  .   (gloves currently unavailable)
Will    .....                   (boots currently unavailable)
Stlth   +.........              (no amulet)
HPRegen 0.24/turn               a - +4 ring of evasion
MPRegen 0.17/turn               c - ring of poison resistance

@: ice-form, heavily drained
A: freezing attack, boosted hp, AC +12, amphibious, large, unfitting armour,
(cold-blooded), inability to use devices
a: End Transformation, Renounce Religion


You were on level 10 of the Dungeon.
You worshipped Ru.
Ru was pleased with you.
You were a creature of crystalline ice.
You visited 2 branches of the dungeon, and saw 11 of its levels.

You collected 446 gold pieces.

Inventory:

Armour
 h - a +0 pair of boots (melded)
Jewellery
 a - a +4 ring of evasion (left front paw)
 c - a ring of poison resistance (right front paw)
 e - a ring of ice
 l - a ring of fire
 m - a ring of fire
 s - an amulet of the acrobat
Scrolls
 b - a scroll of holy word {unknown}
 f - a scroll of brand weapon
 g - a scroll of fear
 i - a scroll of magic mapping
 o - 3 scrolls of identify
 p - a scroll of vulnerability
 q - a scroll of teleportation
 t - a scroll of enchant weapon
Potions
 d - 2 potions of mutation
 j - 3 potions of attraction
 k - a potion of curing


   Skills:
 + Level 6.7 Fighting
 + Level 5.9 Dodging
 * Level 9.3 Unarmed Combat
 + Level 6.0 Spellcasting
 * Level 9.1 Transmutations
 - Level 5.0 Ice Magic
 - Level 2.0 Poison Magic


You had 14 spell levels left.
You knew the following spells:

 Your Spells              Type           Power      Damage    Failure   Level
a - Beastly Appendage     Tmut           72%        N/A       1%          1
b - Spider Form           Tmut/Pois      23%        N/A       4%          3
c - Ice Form              Ice/Tmut       29%        N/A       7%          4

Your spell library contained the following spells:

 Spells                   Type           Power      Damage    Failure   Level
 Freeze                   Ice            88%        1d10      1%          1
 Wereblood                Tmut           36%        N/A       1%          2
 Frozen Ramparts          Ice            44%        1d6       4%          3
 Confusing Touch          Hex            5%         N/A       36%         3
 Summon Guardian Golem    Hex/Summ       5%         N/A       36%         3
 Hailstorm                Conj/Ice       13%        3d5       41%         4
 Yara's Violent Unravell  Hex/Tmut       10%        3d6       50%         5
 Enfeeble                 Hex            2%         N/A       100%        7
 Orb of Destruction       Conj           2%         9d5       100%        7
 Spellforged Servitor     Conj/Summ      2%         N/A       100%        7


Dungeon Overview and Level Annotations

Branches:
Dungeon (10/15)            Temple (1/1) D:7            Lair (0/6) D:8
    Orc (0/2) D:9

Altars:
Ashenzari
Cheibriados
Dithmenos
Elyvilon
Fedhas
Gozag
Hepliaklqana
Kikubaaqudgha
Makhleb
Nemelex Xobeh
Okawaru
Qazlal
Ru
Sif Muna
Trog
Uskayaw
Vehumet
Wu Jian
Xom
Yredelemnul
Zin
The Shining One

Shops:
D:8 (

Annotations:
D:2 1 runed translucent door, Crazy Yiuf
D:10 Gastronok, Nergalle


Innate Abilities, Weirdness & Mutations

You are a creature of crystalline ice.
You have a powerful freezing melee attack.
Your maximum health is increased.
Your armour is entirely melded.
You are incapable of wielding weapons or throwing items.
((Your dull iron-grey scales are very hard. (AC +12)))
You are amphibious.
You cannot fit into any form of body armour.
((You are cold-blooded and may be slowed by cold attacks.))
You cannot study or use magical devices.


Message History

The spectral orc knight hits you with a +0 war axe!!
You feel drained.
You hit Nergalle. You freeze Nergalle.
Nergalle is lightly wounded.
Nergalle is stunned by your conviction and fails to attack.
The spectral orc knight hits you with a +0 war axe!
* * * LOW HITPOINT WARNING * * *
You punch Nergalle! You freeze Nergalle.
Nergalle is moderately wounded.
The spectral orc hits you with a +0 flail.
* * * LOW HITPOINT WARNING * * *
You feel drained.
* * * LOW HITPOINT WARNING * * *
Nergalle gestures at you while chanting.
The bolt of negative energy misses you. The spectral orc barely misses you.
As you read the scroll of fear, it crumbles to dust.
You assume a fearsome visage.
The spectral orc knight is unaffected.
The spectral orc is unaffected.
Nergalle looks frightened!
The spectral orc knight completely misses you.
The spectral orc closely misses you.
Okay, then.
You feel better.
The spectral orc hits you with a +0 flail.
* * * LOW HITPOINT WARNING * * *
The spectral orc knight hits you with a +0 war axe.
* * * LOW HITPOINT WARNING * * *
You feel drained.
* * * LOW HITPOINT WARNING * * *
The spectral orc barely misses you. The spectral orc misses you.
The spectral orc barely misses you.
The spectral orc knight hits you with a +0 war axe.
* * * LOW HITPOINT WARNING * * *
You feel drained.
* * * LOW HITPOINT WARNING * * *
There is a stone staircase leading down here.
The spectral orc knight hits you with a +0 war axe!
* * * LOW HITPOINT WARNING * * *
You feel drained.
You die...

.....#.####.##..##.# #.#
...# #...##......#.# ##.# #.
###.##..P.P...#######...
#.##..._..#...........
#.##..P.P...#####.#...
#...........# #)##.#
.#####....#####..# #.##.#
........Z######..### #.##..
#####...ZY........# #.####
#..######...#.# #.# #..#
#..##.# #.# #..# #.. #.# #.#
#..# #.###.#### #..#
#..##......... #..#
#..##..##.##.# #..#
#..##.........
.######..######..###.##.##.#


You could see a spectral orc (summoned, fast) and a spectral orc knight
(summoned).

Vanquished Creatures
  Erica (D:9)
  Pikel (D:7)
  An elephant (D:8)
  A centaur zombie (D:10)
  Joseph (D:7)
  Prince Ribbit (D:7)
  A wyvern (D:10)
  A shadow (D:6)
  2 yaks (D:8)
  3 wraiths
  4 vampire mosquitoes (D:10)
  A basilisk (D:8)
  2 steam dragons (D:10)
  2 water moccasins
  A hornet zombie (D:7)
  Duvessa (D:7)
  6 orc warriors
  A sky beast (D:6)
  2 black bears
  2 ogres
  2 necrophages
  4 ice beasts
  4 centaurs
  3 kobold brigands
  3 bullfrogs
  A gnoll sergeant (D:7)
  5 scorpions
  A water moccasin skeleton (D:5)
  Dowan (D:7)
  3 howler monkeys (D:7)
  4 bullfrog zombies
  A gnoll shaman (D:3)
  2 hounds
  2 jellies
  8 orc priests
  A bullfrog skeleton (D:5)
  8 orc wizards
  Terence (D:2)
  An iguana (D:5)
  Natasha (D:3)
  2 killer bee zombies
  14 gnolls
  7 adders
  5 dart slugs
  30 orcs
  4 bats
  8 endoplasms
  2 giant cockroaches
  4 goblins
  4 hobgoblins
  6 quokkas
  6 ball pythons
  4 frilled lizards
  17 kobolds
  4 rats
208 creatures vanquished.

Vanquished Creatures (others)
  A vampire mosquito (D:10)
  An orc wizard (D:10)
  10 fungi (D:10)
  4 plants (D:4)
16 creatures vanquished.

Grand Total: 224 creatures vanquished

Notes
Turn   | Place    | Note
-------+----------+-------------------------------------------
     0 | D:1      | kae the Draconian Transmuter began the quest for the Orb.
     0 | D:1      | Reached XP level 1. HP: 16/16 MP: 3/3
   578 | D:1      | Reached XP level 2. HP: 22/23 MP: 3/5
  1512 | D:2      | Reached XP level 3. HP: 28/28 MP: 6/6
  1516 | D:2      | Learned a level 3 spell: Spider Form
  1676 | D:2      | Noticed Terence
  1690 | D:2      | Killed Terence
  1865 | D:2      | Found a runed translucent door.
  1866 | D:2      | Noticed Crazy Yiuf
  1926 | D:2      | Reached XP level 4. HP: 35/36 MP: 7/7
  2471 | D:3      | Reached skill level 1 in Poison Magic
  2799 | D:3      | Reached XP level 5. HP: 22/41 MP: 4/8
  3539 | D:3      | Noticed Natasha
  3542 | D:3      | Killed Natasha
  4172 | D:4      | Reached XP level 6. HP: 28/49 MP: 7/10
  4328 | D:4      | Learned a level 4 spell: Ice Form
  4383 | D:4      | Found a broken altar of Ashenzari.
  4572 | D:4      | Found a hide-covered altar of Uskayaw.
  4582 | D:4      | Found a hazy altar of Hepliaklqana.
  4908 | D:3      | Reached skill level 1 in Ice Magic
  5242 | D:4      | Your scales start taking on a dull iron-grey colour.
  5242 | D:4      | Reached XP level 7. HP: 12/56 MP: 8/11
  5499 | D:4      | Found a sparkling altar of Nemelex Xobeh.
  5797 | D:5      | Entered Level 5 of the Dungeon
  6220 | D:5      | Reached skill level 5 in Unarmed Combat
  6513 | D:4      | Reached XP level 8. HP: 33/63 MP: 8/13
  6873 | D:5      | Reached skill level 5 in Transmutations
  7716 | D:6      | Reached XP level 9. HP: 71/71 MP: 12/15
  8075 | D:7      | Noticed Joseph
  8075 | D:7      | Noticed Pikel
  8260 | D:7      | Found a burning altar of Makhleb.
  8327 | D:7      | Killed Pikel
  8328 | D:7      | Reached skill level 5 in Ice Magic
  8662 | D:7      | Killed Joseph
  8663 | D:7      | Reached skill level 5 in Fighting
  9137 | D:7      | Noticed Dowan
  9138 | D:7      | Noticed Duvessa
  9159 | D:7      | HP: 4/88 [poisoned by Duvessa]
  9521 | D:7      | Found a staircase to the Ecumenical Temple.
  9529 | Temple   | Entered the Ecumenical Temple
  9873 | Temple   | Became a worshipper of Ru the Awakened
 10056 | D:7      | Noticed Prince Ribbit
 10067 | D:7      | Killed Prince Ribbit
 10244 | D:7      | Killed Dowan
 10252 | D:7      | Killed Duvessa
 10938 | D:8      | Reached skill level 5 in Spellcasting
 10938 | D:8      | Reached XP level 10. HP: 81/81 MP: 13/17
 11022 | D:8      | Reached skill level 5 in Dodging
 11337 | D:8      | Found a staircase to the Lair.
 11337 | D:8      | Noticed an elephant
 11357 | D:8      | Killed an elephant
 11717 | D:8      | Found Jotzam's Weapon Emporium.
 12124 | D:9      | Found a staircase to the Orcish Mines.
 12247 | D:9      | Found an opulent altar of Gozag.
 12441 | D:9      | Gained mutation: You cannot study or use magical devices.
                  | [Ru sacrifice]
 12441 | D:9      | Reached * piety under Ru
 12441 | D:9      | Reached ** piety under Ru
 12605 | D:9      | Found an ornate altar of the Wu Jian Council.
 13050 | D:10     | Entered Level 10 of the Dungeon
 13316 | D:10     | Found a shadowy altar of Dithmenos.
 13402 | D:10     | Noticed Erica
 13454 | D:9      | HP: 2/100 [something (6)]
 13455 | D:9      | Killed Erica
 13894 | D:10     | Found a blossoming altar of Fedhas.
 13899 | D:10     | Noticed Gastronok
 14302 | D:10     | Reached XP level 11. HP: 8/91 MP: 15/19
 14685 | D:10     | Found a shimmering altar of Xom.
 15234 | D:10     | Noticed Nergalle
 15257 | D:10     | HP: 2/92 [spectral orc knight[Nergalle] (11)]
 15257 | D:10     | Slain by a spectral orc knight

Illustrated notes

Levels and vault maps discovered:
D:1:      lemuel_arrival_rhombus, layout_loops_ring, hangedman_decor_push,
          bh_walls_and_bars
D:2:      layout_loops_cross, uniq_terence, uniq_crazy_yiuf_cottage
D:3:      kennysheep_six_static_rooms, layout_loops_ring, chequers_jeans,
          nrook_mini_vaults, uniq_natasha
D:4:      layout_gridville, nicolae_uskayaw_dance_hall,
          ashenzari_conservatory_becter, mainiacjoe_overflow_cross_hatched,
          mainiacjoe_overflow_catwalk, minivault_5
D:5:      layout_gridville
D:6:      layout_loops_ring
D:7:      layout_basic, mainiacjoe_overflow_surrounded_room,
          minmay_temple_entry_gardened_gates, chequers_serial_rivers_large_a,
          minmay_tree_intersection, st_stairs_1, uniq_joseph,
          uniq_prince_ribbit1, uniq_duvessa, uniq_pikel
D:8:      layout_basic, david_lair_generic, serial_shops, kennysheep_mini_moat,
          grunt_ministairs_7, kennysheep_generic_room_12
D:9:      layout_gridville, nicolae_gozag_seed_capital,
          pdpol_wu_jian_five_deadly_venoms, orc_0_dummy
D:10:     kennysheep_steamy, layout_loops_ring,
          grunt_dithmenos_smoke_and_mirrors, kennysheep_little_box,
          fedhas_altar_1, uniq_erica, uniq_nergalle, uniq_gastronok
Temple:   minmay_temple_forest_path

Skill      XL: |  1  2  3  4  5  6  7  8  9 10 11 |
---------------+----------------------------------+-----
Dodging        | 2 3 4 5 |  5.9
Poison Magic   | 1 2 |  2.0
Transmutations | 3 4 6 7 8 9 |  9.1
Fighting       | 2 3 4 5 6 |  6.7
Unarmed Combat | 4 5 6 7 9 |  9.3
Ice Magic      | 1 2 4 5 |  5.0
Spellcasting   | 3 4 5 6 |  6.0

Action                   |  1- 3 |  4- 6 |  7- 9 | 10-12 || total
-------------------------+-------+-------+-------+-------++-------
Melee: Unarmed           |    87 |   172 |   302 |   202 ||   763
       Tailslap          |     7 |     8 |    16 |     4 ||    35
       Kick              |     4 |     7 |       |       ||    11
       Headbutt          |     5 |     5 |       |       ||    10
       Punch             |     1 |     4 |     6 |     2 ||    13
 Cast: Beastly Appendage |    17 |     8 |       |       ||    25
       Spider Form       |     1 |    24 |    12 |       ||    37
       Ice Form          |       |       |    21 |    27 ||    48
Invok: Sacrifice Artific |       |       |       |     1 ||     1
  Use: Scroll            |     2 |     1 |    10 |     3 ||    16
       Potion            |       |     1 |     3 |     3 ||     7
Armor: Skin              |    26 |    15 |    67 |    52 ||   160
Dodge: Dodged            |    65 |   191 |   223 |   152 ||   631

Table legend: (Time is in decaauts)
 A = Elapsed time spent in this place.
 B = Non-inter-level travel time spent in this place.
 C = Inter-level travel time spent in this place.
 D = Time resting spent in this place.
 E = Time spent auto-exploring this place.
 F = Levels seen in this place.
 G = Mean time per level.
                   A        B        C        D        E       F      G
               +--------+--------+--------+--------+--------+-----+--------+
         Total |  15206 |  14936 |    270 |   1149 |  11906 |  11 | 1382.4 |
       Dungeon |  14835 |  14602 |    233 |   1149 |  11586 |  10 | 1483.5 |
        Temple |    370 |    334 |     36 |      0 |    320 |   1 |  370.0 |
               +--------+--------+--------+--------+--------+-----+--------+

Top non-repeatable levels by time:
     D:7: 2475 daAuts
     D:3: 1963 daAuts
    D:10: 1853 daAuts
     D:9: 1540 daAuts
     D:4: 1526 daAuts
     D:1: 1458 daAuts
     D:2: 1153 daAuts
     D:8: 1017 daAuts
     D:6: 932 daAuts
     D:5: 916 daAuts
  Temple: 370 daAuts
